 Dungeon Crawl Stone Soup version 0.24-a0-41-gf098211c9e (webtiles) character file.

Game seed: 156226720719659812

884 Adamkad1 the Shield-Bearer (level 8, -3/64 HPs)
             Began as a Formicid Fighter on Feb 3, 2019.
             Was a Follower of Nemelex Xobeh.
             Slain by an orc warrior
             ... wielding a +0 morningstar
              (8 damage)
             ... on level 5 of the Dungeon.
             The game lasted 00:05:03 (4656 turns).

Adamkad1 the Shield-Bearer (Formicid Fighter)       Turns: 4656, Time: 00:05:05

Health: -3/64      AC:  7    Str: 23    XL:     8   Next: 26%
Magic:  8/8        EV:  9    Int:  8    God:    Nemelex Xobeh [*.....]
Gold:   316        SH: 10    Dex: 10    Spells: 7/7 levels left

rFire    . . .     SeeInvis +   a - +0 quarterstaff
rCold    . . .     Gourm    .   c - +0 shield
rNeg     . . .     Faith    .   b - +0 scale mail
rPois    .         Spirit   .   (helmet unavailable)
rElec    .         Reflect  .   (no cloak)
rCorr    .         Harm     .   (no gloves)
MR       .....                  (no boots)
Stlth    ..........             (no amulet)
HPRegen  0.20/turn              (no ring)
MPRegen  0.11/turn              (no ring)

@: no status effects
A: permanent stasis, dig shafts and tunnels, four strong arms, antennae 3
a: Dig, Shaft Self, Draw Escape, Draw Destruction, Draw Summoning, Renounce
Religion


You were on level 5 of the Dungeon.
You worshipped Nemelex Xobeh.
Nemelex Xobeh was aware of your devotion.
You were hungry.

You visited 2 branches of the dungeon, and saw 7 of its levels.

You collected 316 gold pieces.

Inventory:

Hand Weapons
 a - a +0 quarterstaff (weapon)
Missiles
 h - 36 bolts
Armour
 b - a +0 scale mail (worn)
 c - a +0 shield (worn)
Jewellery
 d - an uncursed ring of ice {unknown}
 r - an uncursed amulet of the acrobat {unknown}
Scrolls
 e - 14 scrolls of identify {unknown}
 g - 2 scrolls of fog {unknown}
 j - 4 scrolls of teleportation {unknown}
 k - 2 scrolls of remove curse {unknown}
 m - a scroll of noise {unknown}
 p - 4 scrolls of amnesia {unknown}
 q - a scroll of immolation {unknown}
Potions
 i - a potion of invisibility {unknown}
 l - a potion of heal wounds {unknown}
 n - a potion of flight {unknown}
 o - 3 potions of brilliance {unknown}
 s - 2 potions of lignification {unknown}
Comestibles
 f - 9 rations
 t - a chunk of flesh


   Skills:
 + Level 5.8 Fighting
 + Level 4.7 Staves
 + Level 5.8 Armour
 + Level 6.4 Shields


You had 7 spell levels left.
You didn't know any spells.
Your spell library contained the following spells:

 Spells                   Type           Power        Failure   Level  Hunger
 Ignite Poison            Fire/Tmut/Pois #.......     99%         3    ####...
 Fireball                 Conj/Fire      #.........   100%        5    ######.
 Bolt of Fire             Conj/Fire      #.........   100%        6    #######
 Ring of Flames           Chrm/Fire      #.........   100%        7    #######
 Ignition                 Fire           #.........   100%        8    #######


Dungeon Overview and Level Annotations

Branches:
Dungeon (6/15)             Temple (1/1) D:4

Altars:
Ashenzari
Cheibriados
Dithmenos
Elyvilon
Fedhas
Gozag
Hepliaklqana
Nemelex Xobeh
Okawaru
Qazlal
Ru
Sif Muna
Trog
Wu Jian
Xom
Yredelemnul
Zin
The Shining One


Innate Abilities, Weirdness & Mutations

You cannot be hasted, slowed, berserked, paralysed or teleported.
You can dig through walls and to a lower floor.
Your four strong arms can wield two-handed weapons with a shield.
You have a pair of large antennae on your head. (SInv)


Message History

Unknown command.
Really walk into that dispersal trap?
You enter a dispersal trap!
The orc warrior blinks! x2
There is a dispersal trap here.
Unknown command.
You draw a card...
You have drawn the Dance.
You swap places.
The orc warrior enters a dispersal trap!
Your +0 quarterstaff blinks!
The orc warrior blinks!
Unknown command.
You are feeling hungry.
The orc warrior hits you with a +0 morningstar!
* * * LOW HITPOINT WARNING * * *
Okay, then.
You draw a card...
You have drawn Velocity.
Nothing appears to happen.
The deck of cards disappears without a trace.
The orc warrior hits you with a +0 morningstar!
You die...
Your body disappears without a glow.

..........(.{.............#.....#
..........###{..................#
........### ###..............####
#.....#.### #..............#
#....##...### ##...........###
##.######...#####..........#
.#..# #......##.#.#......# .##.#
#......#o......##### .'..#
#.......@##.#..##### .#..##
#..................#
.#...####.......>..........#
##..............#..........#
#.....###......##..........#
#...#.###......####...######
......)##......# #.#..##
...............# #.....###
.#......Ť###### #.#.#...#


You could see an orc warrior.

Vanquished Creatures
  Sigmund (D:3)
  An ice beast (D:5)
  A phantom (D:5)
  An ogre (D:5)
  2 crimson imps
  An orc priest (D:3)
  4 orc wizards
  A bullfrog skeleton (D:5)
  A worker ant (D:5)
  4 gnolls (D:3)
  4 adders
  2 shadow imps (D:5)
  2 oozes
  A worm (D:4)
  3 dart slugs
  A leopard gecko (D:3)
  16 orcs
  5 giant cockroaches
  6 hobgoblins
  11 jackals
  3 kobolds
  2 quokkas
  8 bats
  5 frilled lizards
  4 goblins (D:2)
  A quokka skeleton (D:4)
  A quokka zombie (D:5)
  9 rats
101 creatures vanquished.

Notes
Turn   | Place    | Note
-------+----------+-------------------------------------------
     0 | D:1      | Adamkad1 the Formicid Fighter began the quest for the Orb.
     0 | D:1      | Reached XP level 1. HP: 18/18 MP: 1/1
    34 | D:1      | Reached XP level 2. HP: 13/24 MP: 2/2
   424 | D:1      | Reached skill level 4 in Shields
   424 | D:1      | Reached XP level 3. HP: 27/29 MP: 3/3
   787 | D:2      | Reached XP level 4. HP: 37/37 MP: 4/4
  1024 | D:2      | Found a deep blue altar of Sif Muna.
  1185 | D:2      | Found an ornate altar of the Wu Jian Council.
  1586 | D:3      | Reached XP level 5. HP: 36/42 MP: 5/5
  1884 | D:3      | Noticed Sigmund
  1955 | D:3      | Found a hazy altar of Hepliaklqana.
  2021 | D:3      | Killed Sigmund
  2021 | D:3      | Reached skill level 5 in Shields
  2021 | D:3      | Reached XP level 6. HP: 35/49 MP: 6/6
  2092 | D:3      | Reached XP level 7. HP: 12/55 MP: 7/7
  2462 | D:3      | Reached skill level 5 in Fighting
  2759 | D:3      | Reached skill level 5 in Armour
  3021 | D:4      | Found a stormy altar of Qazlal.
  3140 | D:4      | Found a staircase to the Ecumenical Temple.
  3151 | Temple   | Entered the Ecumenical Temple
  3202 | Temple   | Became a worshipper of Nemelex Xobeh the Trickster
  3319 | D:4      | Received a gift from Nemelex Xobeh
  3565 | D:4      | Found an opulent altar of Gozag.
  3579 | D:4      | Found a shattered altar of Ashenzari.
  3723 | D:5      | Entered Level 5 of the Dungeon
  4022 | D:5      | Reached skill level 6 in Shields
  4266 | D:5      | Reached XP level 8. HP: 48/64 MP: 8/8
  4274 | D:5      | Reached * piety under Nemelex Xobeh
  4300 | D:5      | Received a gift from Nemelex Xobeh
  4456 | D:5      | Found a blossoming altar of Fedhas.
  4456 | D:5      | Found a shadowy altar of Dithmenos.
  4493 | D:5      | Found a bloodstained altar of Trog.
  4656 | D:5      | Slain by an orc warrior

Vault maps used:
D:1:      roderic_dead_forest
D:2:      lemuel_round_altar, serial_corexii_hall, corexii_hall_statues_t,
          chequers_hall_statues_y, chequers_hall_statues_y,
          chequers_hall_statues_y, led_sif_pool
D:3:      lemuel_crystal_altar, uniq_sigmund
D:4:      lemuel_round_altar, kennysheep_mini, lemuel_doored_altar,
          temple_green, first_ration
D:5:      lightli_temple_of_fire, gammafunk_temple_overflow_pools
D:6:      nicolae_overflow_crystal_walls, grunt_ministairs_15
Temple:   eino_wide_crystal_templ

Skill      XL: |  1  2  3  4  5  6  7 |
---------------+----------------------+-----
Shields        | 4 5 6 |  6.4
Fighting       | 4 5 |  5.8
Armour         | 4 5 |  5.8
Staves         | 3 4 |  4.7

Action                   |  1- 3 |  4- 6 |  7- 9 || total
-------------------------+-------+-------+-------++-------
Melee: Quarterstaff      |   101 |   154 |   145 ||   400
 Abil: Draw Destruction  |       |       |     7 ||     7
       Draw Escape       |       |       |     1 ||     1
       Draw Summoning    |       |       |     1 ||     1
  Use: Potion            |       |     1 |       ||     1
  Eat: Chunk             |       |     4 |     8 ||    12
Armor: Scale mail        |    47 |    84 |    34 ||   165
Dodge: Dodged            |    47 |    61 |    33 ||   141
Block: Shield            |    55 |   101 |    53 ||   209

Table legend:
 A = Non-vault XP
 B = Vault XP
 C = Vault XP percentage of total XP
 D = Non-vault monster count
 E = Vault monster count
 F = Vault count percentage of total count
                 A         B        C        D         E       F
            +---------+---------+-------+---------+---------+-------
      Total |    1043 |     220 |  17.4 |     100 |       1 |   1.0
            +---------+---------+-------+---------+---------+-------
        D:1 |      32 |       0 |   0.0 |      18 |       0 |   0.0
        D:2 |      72 |       0 |   0.0 |      26 |       0 |   0.0
        D:3 |     291 |     220 |  43.1 |      29 |       1 |   3.3
        D:4 |      68 |       0 |   0.0 |      14 |       0 |   0.0
        D:5 |     530 |       0 |   0.0 |      12 |       0 |   0.0
        D:6 |      50 |       0 |   0.0 |       1 |       0 |   0.0
            +---------+---------+-------+---------+---------+-------
